 Dungeon Crawl Stone Soup version 0.26.1-11-gd32895ea62 (webtiles) character file.

Game seed: 4699421948473400259

1 Almogavar the Magician (level 1, -7/13 HPs)
             Began as a Gnoll Wanderer on June 15, 2021.
             Mangled by a kobold
             ... wielding a +1 short sword of electrocution
              (18 damage)
             ... on level 1 of the Dungeon.
             The game lasted 00:01:09 (93 turns).

Almogavar the Magician (Gnoll Wanderer)               Turns: 93, Time: 00:01:12

Health: -7/13      AC:  2    Str: 16    XL:     1   Next: 20%
Magic:  0/8        EV: 11    Int: 13    God:
Gold:   11         SH:  0    Dex: 13    Spells: 13/14 levels left

rFire    . . .     SeeInvis .   a - +0 mace
rCold    . . .     Faith    .   (no shield)
rNeg     . . .     Spirit   .   d - +0 robe
rPois    .         Reflect  .   (no helmet)
rElec    .         Harm     .   (no cloak)
rCorr    .         Rampage  .   (no gloves)
Will     .....                  (no boots)
Stlth    ++........             (no amulet)
HPRegen  0.04/turn              (no ring)
MPRegen  0.11/turn              (no ring)

@: very slightly contaminated
A: distributed training, fangs 1, strong nose
a: no special abilities


You were on level 1 of the Dungeon.
You visited 1 branch of the dungeon, and saw 1 of its levels.

You collected 11 gold pieces.

Inventory:

Hand Weapons
 a - a +0 mace (weapon)
Armour
 b - a +0 scale mail
 d - a +0 robe (worn)
Scrolls
 c - a scroll of teleportation
 e - a scroll of fear {unknown}


   Skills:
 + Level 0.0 Fighting
 + Level 0.0 Short Blades
 + Level 0.0 Long Blades
 + Level 0.0 Axes
 + Level 4.4 Maces & Flails
 + Level 0.0 Polearms
 + Level 0.0 Staves
 + Level 0.0 Slings
 + Level 0.0 Bows
 + Level 0.0 Crossbows
 + Level 0.0 Throwing
 + Level 2.3 Armour
 + Level 0.0 Dodging
 + Level 2.1 Stealth
 + Level 0.0 Shields
 + Level 0.0 Unarmed Combat
 + Level 7.0 Spellcasting
 + Level 0.0 Conjurations
 + Level 0.0 Hexes
 + Level 0.0 Summonings
 + Level 0.0 Necromancy
 + Level 0.0 Translocations
 + Level 0.0 Transmutations
 + Level 0.0 Fire Magic
 + Level 0.0 Ice Magic
 + Level 0.0 Air Magic
 + Level 0.0 Earth Magic
 + Level 3.6 Poison Magic
 + Level 0.0 Invocations
 + Level 2.3 Evocations


You had 13 spell levels left.
You knew the following spells:

 Your Spells              Type           Power        Failure   Level
a - Magic Dart            Conj           16%          16%         1

Your spell library contained the following spells:

 Spells                   Type           Power        Failure   Level
 Blink                    Tloc           N/A          22%         2
 Call Imp                 Summ           4%           22%         2
 Slow                     Hex            4%           22%         2
 Mephitic Cloud           Conj/Pois/Air  7%           28%         3
 Conjure Flame            Conj/Fire      4%           41%         3


Dungeon Overview and Level Annotations

Branches:
Dungeon (1/15)

Altars:


Innate Abilities, Weirdness & Mutations

Your experience applies equally to all skills.
You have very sharp teeth.
Your uncanny sense of smell can sniff out nearby items.


Message History

Aim: a kobold, wielding a +1 short sword of electrocution (moderately wounded, 0% to evade)
You miscast Magic Dart.
Nothing appears to happen.
There is an open door here.
You see here a dagger.
Casting: Magic Dart (safe; 16% risk of failure)
Confirm with . or Enter, or press ? or * to list all spells.
Aiming: Magic Dart (safe; 16% risk of failure)
Press: ? - help, Shift-Dir - straight line, f/p - kobold
Aim: a kobold, wielding a +1 short sword of electrocution (moderately wounded, 0% to evade)
The magic dart hits the kobold.
The kobold is severely wounded.
Casting: Magic Dart (safe; 16% risk of failure)
Confirm with . or Enter, or press ? or * to list all spells.
Aiming: Magic Dart (safe; 16% risk of failure)
Press: ? - help, Shift-Dir - straight line, f/p - kobold
Aim: a kobold, wielding a +1 short sword of electrocution (severely wounded, 0% to evade)
You miscast Magic Dart.
Nothing appears to happen.
The kobold hits you but does no damage.
You are electrocuted!!
Ouch! That really hurt!
You die...

# .# ###.##### ###
#........ ..#
#(#[####### #.#
###K#.......# #.#+##
#..@........# #.....
#...........# #.....
#...........###.....
#...............####
#..........##.###...
#..........##.###8..
#.....†....##...'...
#..........######8..
#..........# #...


You could see a kobold.

Vanquished Creatures
  A ball python (D:1)
  A frilled lizard (D:1)
2 creatures vanquished.

Notes
Turn   | Place    | Note
-------+----------+-------------------------------------------
     0 | D:1      | Almogavar the Gnoll Wanderer began the quest for the Orb.
     0 | D:1      | Almogavar set off with the following items: a +0 mace, a
                  | scroll of teleportation, a +0 robe; and the following spell
                  | memorised: Magic Dart; and the following spells available
                  | to memorise: Blink, Call Imp, Slow, Mephitic Cloud, Conjure
                  | Flame
     0 | D:1      | Reached XP level 1. HP: 13/13 MP: 8/8
    93 | D:1      | Mangled by a kobold

Illustrated notes

Levels and vault maps discovered:
D:1:      elethiomel_arrival_quiet, layout_basic

Action                   || total
-------------------------++-------
 Cast: Magic Dart        ||     7
Armor: Robe              ||     1
Dodge: Dodged            ||     1
